 Dungeon Crawl Stone Soup version 0.26-a0-504-g0cf647090d (webtiles) character file.

Game seed: 1715548123798791976

187 ANON1729 the Sneak (level 5, -8/32 HPs)
             Began as a Kobold Brigand on Aug 8, 2020.
             Killed by divine providence
             ... invoked by an orc priest
              (14 damage)
             ... on level 3 of the Dungeon.
             The game lasted 00:02:19 (2327 turns).

ANON1729 the Sneak (Kobold Brigand)                 Turns: 2327, Time: 00:02:19

Health: -8/32      AC:  3    Str:  9    XL:     5   Next: 99%
Magic:  5/5        EV: 16    Int: 12    God:
Gold:   246        SH:  0    Dex: 17    Spells: 4/4 levels left

rFire    . . .     SeeInvis .   a - +2 dagger
rCold    . . .     Faith    .   (shield restricted)
rNeg     . . .     Spirit   .   b - +0 robe
rPois    .         Reflect  .   (no helmet)
rElec    .         Harm     .   c - +0 cloak
rCorr    .                      (no gloves)
MR       .....                  (no boots)
Stlth    ++++......             (no amulet)
HPRegen  0.10/turn              (no ring)
MPRegen  0.09/turn              (no ring)

@: no status effects
A: small, nightstalker 3
a: no special abilities


You were on level 3 of the Dungeon.
You visited 1 branch of the dungeon, and saw 3 of its levels.

You collected 246 gold pieces.

Inventory:

Hand Weapons
 a - a +2 dagger (weapon)
Missiles
 d - 8 poisoned darts (quivered)
 e - 2 curare-tipped darts
Armour
 b - a +0 robe (worn)
 c - a +0 cloak (worn)
 r - a +0 kite shield
Jewellery
 o - an uncursed amulet of faith
Scrolls
 f - 4 scrolls of enchant weapon {unknown}
 g - a scroll of teleportation {unknown}
 h - a scroll of enchant armour {unknown}
 i - 2 scrolls of identify {unknown}
 m - a scroll of random uselessness {unknown}
 n - a scroll of blinking {unknown}
 p - a scroll of immolation {unknown}
 s - a scroll of remove curse {unknown}
Potions
 j - a potion of flight {unknown}
 k - 2 potions of magic {unknown}
 l - a potion of curing {unknown}
 q - a potion of stabbing {unknown}


   Skills:
 + Level 3.3 Fighting
 + Level 4.0 Short Blades
 + Level 3.3 Throwing
 + Level 3.0 Dodging
 + Level 6.3 Stealth


You had 4 spell levels left.
You didn't know any spells.
Your spell library was empty.

Dungeon Overview and Level Annotations

Branches:
Dungeon (3/15)

Altars:


Innate Abilities, Weirdness & Mutations

You are small and have problems with some larger weapons.
You are completely attuned to the shadows.


Message History

You hit the orc priest but do no damage.
The orc priest is moderately wounded.
You hit the orc priest but do no damage.
The orc priest is moderately wounded.
The orc closely misses you.
The orc priest hits you with a +0 short sword.
The orc misses you. The orc barely misses you.
You hit the orc priest but do no damage.
The orc priest is moderately wounded.
The orc hits you.
The orc priest hits you with a +0 short sword!
* * * LOW HITPOINT WARNING * * *
The orc closely misses you. The orc barely misses you.
Throwing (i - inventory. (/) - cycle)
d - 8 poisoned darts (quivered)
Press: ? - help, Shift-Dir - straight line, f - orc priest
Aim: an orc priest, wielding a +0 short sword and wearing a +0 ring mail (moderately wounded)
Okay, then.
The orc priest invokes the aid of Beogh against you.
Beogh smites you!
You die...

###### ### .....#
##.## ## #..oo#
##.#.## #.
.>...#######.###.##
#.
#..oo@.........##.#
#.
##.#########......#
#. #. #....#.# #. #
#.#.##.# #.
#.#.##.# #.
####.#.##.# #.
.....#.##.# #.
#8#..#.##.# ## #
#.......###.


You could see an orc priest and 3 orcs.

Vanquished Creatures
  An ice beast (D:2)
  A gnoll (D:1)
  2 adders (D:2)
  A worm (D:2)
  2 dart slugs (D:2)
  A leopard gecko (D:1)
  An orc (D:3)
  A giant cockroach (D:2)
  11 goblins
  7 hobgoblins
  4 jackals (D:2)
  10 kobolds
  5 bats
  3 frilled lizards
  6 rats
56 creatures vanquished.

Vanquished Creatures (others)
  5 toadstools (D:1)
5 creatures vanquished.

Grand Total: 61 creatures vanquished

Notes
Turn   | Place    | Note
-------+----------+-------------------------------------------
     0 | D:1      | ANON1729 the Kobold Brigand began the quest for the Orb.
     0 | D:1      | Reached XP level 1. HP: 12/12 MP: 1/1
   195 | D:1      | Reached XP level 2. HP: 18/18 MP: 2/2
   317 | D:1      | Reached XP level 3. HP: 22/22 MP: 3/3
  1043 | D:2      | Noticed an ice beast
  1049 | D:2      | Killed an ice beast
  1049 | D:2      | Reached skill level 6 in Stealth
  1049 | D:2      | Reached XP level 4. HP: 21/28 MP: 4/4
  1049 | D:2      | Reached XP level 5. HP: 24/32 MP: 5/5
  2327 | D:3      | Killed from afar by an orc priest

Illustrated notes

Levels and vault maps discovered:
D:1:      kilobyte_arrival_exit_the_forest, layout_basic,
          minmay_gold_behind_fungi, hangedman_decor_push
D:2:      layout_basic, corexii_leaking_fountain, guppyfry_early_lair_pool
D:3:      layout_loops_corners, lemuel_statue_altar

Skill      XL: |  1  2  3  4  5 |
---------------+----------------+-----
Short Blades   | 3 4 |  4.0
Dodging        | 2 3 |  3.0
Fighting       | 3 |  3.3
Throwing       | 3 |  3.3
Stealth        | 6 |  6.3

Action                   |  1- 3 |  4- 6 || total
-------------------------+-------+-------++-------
Melee: Dagger            |    63 |   108 ||   171
 Stab: Sleeping          |    11 |    18 ||    29
Armor: Robe              |     6 |     5 ||    11
Dodge: Dodged            |    61 |    87 ||   148

Table legend: (Time is in decaauts)
 A = Elapsed time spent in this place.
 B = Non-inter-level travel time spent in this place.
 C = Inter-level travel time spent in this place.
 D = Time resting spent in this place.
 E = Time spent auto-exploring this place.
 F = Levels seen in this place.
 G = Mean time per level.
                   A        B        C        D        E       F      G
               +--------+--------+--------+--------+--------+-----+--------+
         Total |   2301 |   2217 |     84 |    421 |   1463 |   3 |  767.0 |
       Dungeon |   2301 |   2217 |     84 |    421 |   1463 |   3 |  767.0 |
               +--------+--------+--------+--------+--------+-----+--------+

Top non-repeatable levels by time:
     D:2: 1196 daAuts
     D:1: 937 daAuts
     D:3: 168 daAuts
